 Dungeon Crawl Stone Soup version 0.20.1-1-g8b1a95d (webtiles) character file.

49 OneorTwo the Bolt Thrower (level 3, 0/30 HPs)
             Began as a Centaur Hunter on Aug 17, 2017.
             Succumbed to an adder's poison
             ... on level 2 of the Dungeon on Aug 18, 2017.
             The game lasted 00:03:37 (1345 turns).

OneorTwo the Bolt Thrower (Centaur Hunter)          Turns: 1345, Time: 00:03:38

Health: 0/30       AC:  5    Str: 14    XL:     3   Next: 53%
Magic:  3/3        EV:  9    Int: 10    God:
Gold:   101        SH:  0    Dex: 10    Spells: 2/2 levels left

rFire    . . .     SeeInvis .   a - +1 hand crossbow
rCold    . . .     Gourm    .   (no shield)
rNeg     . . .     Faith    .   c - +0 leather armour
rPois    .         Spirit   .   (no helmet)
rElec    .         Reflect  .   l - +0 cloak
rCorr    .         Harm     .   (no gloves)
MR       .....                  (no barding)
Stlth    +.........             (no amulet)
Regen    0.1/turn               p - ring of flight
MPRegen  0.1/turn               (no ring)

@: lethally poisoned (0 -> -7), very quick
A: hooves 3, deformed body, speed 2, tough skin 3
a: Evoke Flight


You were on level 2 of the Dungeon.
You were not hungry.

You visited 1 branch of the dungeon, and saw 2 of its levels.

You collected 101 gold pieces.

Inventory:

Hand Weapons
 a - a +1 hand crossbow (weapon)
 b - a +0 short sword
Missiles
 d - 2 bolts (quivered)
Armour
 c - a +0 leather armour (worn)
 l - a +0 cloak (worn)
Jewellery
 p - a ring of flight (left hand)
Scrolls
 i - a scroll of teleportation {unknown}
 j - a scroll of identify {unknown}
 n - a scroll of random uselessness {unknown}
Potions
 e - a potion of degeneration {unknown}
 k - a potion of berserk rage {unknown}
 m - 2 potions of lignification {unknown}
 o - a potion of haste {unknown}
Comestibles
 f - a bread ration
 g - a royal jelly
 h - a meat ration


   Skills:
 + Level 2.4 Fighting
 + Level 5.3 Crossbows
 + Level 0.3 Armour
 + Level 1.6 Dodging
 + Level 0.4 Stealth


You had 2 spell levels left.
You didn't know any spells.

Dungeon Overview and Level Annotations

Branches:
Dungeon (2/15)

Altars:


Innate Abilities, Weirdness & Mutations

You have hooves in place of feet.
Armour fits poorly on your strangely shaped body.
You cover ground very quickly.
You have extremely tough skin. (AC +3)


Message History

Aim: an adder (moderately wounded)
You shoot a bolt. The bolt misses the adder.
* * * LOW HITPOINT WARNING * * *
You feel sick. The adder bites you but does no damage.
Firing (i - inventory):
d - 3 bolts (quivered)
Press: ? - help, Shift-Dir - straight line, f/p - adder
Aim: an adder (moderately wounded)
You shoot a bolt. The bolt hits the adder.
The adder is heavily wounded.
* * * LOW HITPOINT WARNING * * *
You feel sick. The adder bites you.
* * * LOW HITPOINT WARNING * * *
The adder closely misses you.
* * * LOW HITPOINT WARNING * * *
You feel sick.
* * * LOW HITPOINT WARNING * * *
You feel sick.
* * * LOW HITPOINT WARNING * * *
You feel sick.
You die...

....##..#...... ..#
###.##..#.###.#####.#
........#.# #(..(...#
....###.......####..#
.....####.###
####..## .....# ...#
#....#.# ....(#
..#.#.##..## ...###
.#.#.##S## ...#
.#...@..# ...#
###.#### .#.# #..#
.#.# ##.# .#.### #.#
.....# #.#
....<###########.#
.................#
.....#############


You could see an adder.

Vanquished Creatures
  A gnoll (D:1)
  An adder (D:2)
  A worm (D:1)
  2 dart slugs (D:1)
  2 leopard geckos (D:1)
  A ball python (D:1)
  2 bats (D:1)
  A giant cockroach (D:1)
  2 goblins
  3 hobgoblins
  4 kobolds
  2 rats (D:1)
22 creatures vanquished.

Notes
Turn   | Place    | Note
-------+----------+-------------------------------------------
     0 | D:1      | OneorTwo the Centaur Hunter began the quest for the Orb.
     0 | D:1      | Reached XP level 1. HP: 17/17 MP: 1/1
   171 | D:1      | Reached XP level 2. HP: 24/24 MP: 2/2
   278 | D:1      | HP: 1/24 [gnoll/flail (10)]
   279 | D:1      | Reached skill level 5 in Crossbows
   878 | D:1      | Reached XP level 3. HP: 29/29 MP: 3/3
  1343 | D:2      | HP: 1/30 [poisoned by an adder]
  1345 | D:2      | Succumbed to an adder's poison

Skill      XL: |  1  2 |
---------------+-------+-----
Crossbows      | 5 |  5.3
Fighting       | |  2.4
Armour         | |  0.3
Dodging        | |  1.6
Stealth        | |  0.4

Action                   || total
-------------------------++-------
 Fire: Hand crossbow     ||    63
Armor: Leather armour    ||    11
Dodge: Dodged            ||    12
